 Dungeon Crawl Stone Soup version 0.20.1-1-g8b1a95d66d (webtiles) character file.

126 Popi the Covered (level 5, -2/41 HPs)
             Began as a Human Fighter on Dec 18, 2017.
             Slain by Merkknight's ghost (7 damage)
             ... on level 3 of the Dungeon.
             The game lasted 00:03:26 (1736 turns).

Popi the Covered (Human Fighter)                    Turns: 1736, Time: 00:03:26

Health: -2/41      AC:  8    Str: 18      XL:     5   Next: 31%
Magic:  5/5        EV: 10    Int:  7 (8)  God:
Gold:   127        SH:  0    Dex: 10 (12) Spells: 4/4 levels left

rFire    . . .     SeeInvis .   o - -1 mace (curse)
rCold    . . .     Gourm    .   (no shield)
rNeg     . . .     Faith    .   b - +0 scale mail
rPois    .         Spirit   .   (no helmet)
rElec    .         Reflect  .   (no cloak)
rCorr    .         Harm     .   (no gloves)
MR       .....                  n - +0 pair of boots
Stlth    ..........             (no amulet)
Regen    0.2/turn               (no ring)
MPRegen  0.1/turn               (no ring)

@: no status effects
A: no striking features
a: no special abilities


You were on level 3 of the Dungeon.
You were very hungry.

You visited 1 branch of the dungeon, and saw 3 of its levels.

You collected 127 gold pieces.

Inventory:

Hand Weapons
 a - a +0 long sword
 o - a cursed -1 mace (weapon)
Armour
 b - a +0 scale mail (worn)
 c - a +0 shield
 n - a +0 pair of boots (worn)
Jewellery
 g - an uncursed ring of positive energy {unknown}
 l - an uncursed ring of ice {unknown}
Scrolls
 k - a scroll of identify {unknown}
 m - a scroll of teleportation
Potions
 d - a potion of might
 e - a potion of flight
 h - a potion of lignification {unknown}
Comestibles
 f - a bread ration
 i - a fruit
 j - a royal jelly


   Skills:
 - Level 3.0 Fighting
 - Level 2.0 Long Blades
 - Level 1.0 Maces & Flails
 - Level 5.0 Armour
 + Level 1.7 Dodging
 - Level 3.0 Shields


You had 4 spell levels left.
You didn't know any spells.

Dungeon Overview and Level Annotations

Branches:
Dungeon (3/15)

Altars:
Kikubaaqudgha
Ru

Annotations:
D:3 Merkknight's ghost, amateur DsBe


Message History

You closely miss Merkknight's ghost.
Merkknight's ghost is severely damaged.
Merkknight's ghost hits you but does no damage.
You closely miss Merkknight's ghost.
Merkknight's ghost is severely damaged.
Merkknight's ghost hits you.
* * * LOW HITPOINT WARNING * * *
Merkknight's ghost hits you.
* * * LOW HITPOINT WARNING * * *
You barely miss Merkknight's ghost.
Merkknight's ghost is severely damaged.
Merkknight's ghost barely misses you.
You hit Merkknight's ghost.
Merkknight's ghost is almost destroyed.
Merkknight's ghost hits you but does no damage.
You closely miss Merkknight's ghost.
Merkknight's ghost is almost destroyed.
Merkknight's ghost hits you but does no damage.
Merkknight's ghost hits you!
You die...

.##.# #...........#
....######.....#+#####
........##.....#.#
........+........#
........######.###
##############'##
#.......# #.......##
#.......@#
########W### #......#
#..?...# #......#
#......## #.......#
#.......# #.......#


You could see Merkknight's ghost.

Vanquished Creatures
  Terence (D:2)
  5 adders
  An ooze (D:1)
  3 dart slugs
  2 leopard geckos
  A giant cockroach (D:2)
  6 goblins
  6 hobgoblins
  4 kobolds
  5 bats
  5 frilled lizards
  10 rats
49 creatures vanquished.

Vanquished Creatures (others)
  A human (D:2)
1 creature vanquished.

Grand Total: 50 creatures vanquished

Notes
Turn   | Place    | Note
-------+----------+-------------------------------------------
     0 | D:1      | Popi the Human Fighter began the quest for the Orb.
     0 | D:1      | Reached XP level 1. HP: 18/18 MP: 1/1
    82 | D:1      | Reached XP level 2. HP: 18/24 MP: 2/2
   551 | D:1      | Reached skill level 4 in Armour
   551 | D:1      | Reached XP level 3. HP: 29/29 MP: 3/3
   839 | D:2      | Noticed Terence
   943 | D:2      | Killed Terence
   943 | D:2      | Reached XP level 4. HP: 23/35 MP: 4/4
   990 | D:2      | Reached skill level 5 in Armour
  1060 | D:2      | Reached skill level 1 in Maces & Flails
  1119 | D:2      | Reached XP level 5. HP: 40/41 MP: 5/5
  1222 | D:2      | Reached skill level 1 in Dodging
  1275 | D:2      | Found an ancient bone altar of Kikubaaqudgha.
  1275 | D:2      | Noticed a human
  1278 | D:2      | Killed a human
  1386 | D:2      | Found a sacrificial altar of Ru.
  1700 | D:3      | Noticed Merkknight's ghost (amateur DsBe)
  1736 | D:3      | Slain by Merkknight's ghost

Skill      XL: |  1  2  3  4  5 |
---------------+----------------+-----
Armour         | 4 5 |  5.0
Maces & Flails | 1 |  1.0
Dodging        | 1 |  1.7
Fighting       | |  3.0
Long Blades    | |  2.0
Shields        | |  3.0

Action                   |  1- 3 |  4- 6 || total
-------------------------+-------+-------++-------
Melee: Long sword        |    64 |       ||    64
       Mace              |       |   137 ||   137
  Use: Scroll            |       |     4 ||     4
       Potion            |       |     3 ||     3
  Eat: Chunk             |       |     2 ||     2
Armor: Scale mail        |    41 |    75 ||   116
Dodge: Dodged            |    50 |    94 ||   144
       Rpst.: Long sword |    12 |       ||    12
